AoeStats
← crissivan33

Arabian Desert

508720396Analyzed
1v1 RM · 8d ago on Sep 23, 2026· 49m 49s· 2 players
Game mode
Random Map
Map size
Tiny (2 player)
Population
200
Speed
Normal
Resources
Standard
Victory
Conquest
Starting age
Dark Age
Ending age
Imperial Age
RankedLock teamsTeams togetherTeam positionsShared explorationLock speedFull tech treeHidden civsTurbo modeCheats
Victory
Defeat
🇦🇷 Bulgarians · Argentina
1199
+17
🇨🇴 Tupi · Colombia
1215
-17
Juan El Cartero
3:39 Loom
7:12 Loom
9:31 Feudal Age
10:41 Double-Bit Axe
12:04 Arson
12:46 Forging
17:12 Fletching
17:17 Town Watch
18:50 Padded Archer Armor
18:51 Scale Mail Armor
24:05 Castle Age
22:43 Wheelbarrow
26:29 Castle Age
27:29 Chain Mail Armor
27:17 Squires
28:02 Gambesons
29:21 Iron Casting
30:11 Horse Collar
37:01 Gold Mining
41:34 Bow Saw
48:51 Hand Cart
52:00 Imperial Age
crissivan33
6:36 Loom
9:10 Feudal Age
9:46 Double-Bit Axe
20:15 Fletching
21:04 Padded Archer Armor
26:12 Gold Mining
29:35 Castle Age
34:07 Gold Shaft Mining
37:21 Bodkin Arrow
38:30 Bow Saw
44:14 Stone Mining
46:13 Leather Archer Armor
47:45 Horse Collar
Connection lost

Rejoining the realm…

Still unreachable

The connection could not be restored.

Session expired

The server has moved on; the page needs a fresh start.